 Dungeon Crawl Stone Soup version 0.30.0-20-g3615ddf2f0 (webtiles) character file.

Game seed: 9776403989848104695

203 qw the Chopper (level 5, -5/32 HPs)
             Began as a Gargoyle Fighter on May 27, 2023.
             Slain by Ijyb
             ... wielding a +10 club
              (8 damage)
             ... on level 3 of the Dungeon.
             The game lasted 00:01:08 (1857 turns).

qw the Chopper (Gargoyle Fighter)                   Turns: 1857, Time: 00:01:08

Health: -5/32      AC: 12    Str: 22    XL:     5   Next: 81%
Magic:  5/5        EV:  9    Int:  8    God:
Gold:   129        SH:  4    Dex:  9    Spells: 4/4 levels left

rFire   . . .        Y - +0 war axe
rCold   . . .        c - +0 buckler
rNeg    + . .        b - +0 scale mail
rPois   inf          m - +0 helmet
rElec   +            (no cloak)
rCorr   .            (no gloves)
SInv    .            (no boots)
Will    .....        h - amulet of regeneration Stlth
                     (no ring)
HPRegen 1.05/turn    (no ring)
MPRegen 0.09/turn

%: no passive effects
@: very slow
A: sickness immunity, AC +4, negative energy resistance 1, electricity
resistance, torment resistance 1, petrification resistance
a: no special abilities


You were on level 3 of the Dungeon.
You visited 1 branch of the dungeon, and saw 3 of its levels.

You collected 129 gold pieces.


Innate Abilities, Weirdness & Mutations

You are immune to sickness and miasma.
Your stone body is resilient. (AC +4)
You are immune to poison.
You resist negative energy. (rN+)
You are resistant to electric shocks. (rElec)
You are resistant to unholy torment.
You are immune to petrification.


   Skills:
 + Level 3.3 Fighting
 - Level 5.3 Axes
 - Level 3.2 Armour
 - Level 3.2 Shields


You had 4 spell levels left.
You didn't know any spells.
Your spell library was empty.

Inventory:

Hand Weapons
 e - a +0 whip
 Y - a +0 war axe (weapon)
Armour
 b - a +0 scale mail (worn)
 c - a +0 buckler (worn)
 m - a +0 helmet (worn)
Jewellery
 h - an amulet of regeneration (around neck)
Scrolls
 a - a scroll of noise {unknown}
 j - a scroll of identify
Potions
 d - 2 potions of might
 f - a potion of lignification {unknown}
 g - a potion of haste {unknown}
 i - a potion of attraction {unknown}

Dungeon Overview and Level Annotations

Branches:
Dungeon (3/15)

Altars:
Dithmenos

Shops:
D:1 *   D:2 (

Annotations:
D:3 Ijyb


Message History

Enter note: Your unstable footing causes you to fumble your attack.
Ijyb splashes around in the water.
You closely miss Ijyb. Ijyb completely misses you.
You closely miss Ijyb. Ijyb hits you but does no damage.
Your unstable footing causes you to fumble your attack.
Ijyb zaps a wand.
The puff of flame hits you but does no damage.
Ijyb splashes around in the water.
Your unstable footing causes you to fumble your attack.
You are engulfed in a cloud of scalding steam.
Ijyb zaps a wand.
The puff of flame hits you.
Your unstable footing causes you to fumble your attack.
You are engulfed in a cloud of scalding steam.
Ijyb splashes around in the water.
You miss Ijyb.
You are engulfed in a cloud of scalding steam.
Ijyb zaps a wand.
You block the puff of flame.
Your unstable footing causes you to fumble your attack.
You are engulfed in a cloud of scalding steam.
Ijyb zaps a wand.
The puff of flame misses you.
Ijyb zaps a wand.
The puff of flame hits you.
You hit Ijyb.
Ijyb is lightly wounded.
You block Ijyb's attack.
You closely miss Ijyb.
Ijyb is lightly wounded.
Ijyb hits you but does no damage.
You slash Ijyb!
Ijyb is heavily wounded.
Ijyb hits you with a +10 club.
Ijyb grins evilly.
Ijyb zaps a wand.
The puff of flame hits you!
You hit Ijyb but do no damage.
Ijyb is heavily wounded.
You are engulfed in a cloud of scalding steam.
Ijyb hits you with a +10 club!
You die...

######
######....###
......P.....###
#...7~~7%.....#
7P.~~7~@~.P.#.#
...~~~g.....#.#
.P~~~~7~P..P#.#
..7~7~~..P.##.#
...7~...7####.#
.P......# #.# .
###########.#######
#..........#
#..........####


You could see Ijyb.

Vanquished Creatures
  A scorpion (D:3)
  Jessica (D:2)
  Natasha (D:2)
  Robin (D:2)
  2 adders (D:2)
  3 worms (D:2)
  A dart slug (D:1)
  4 bats
  7 endoplasms
  14 goblins
  6 hobgoblins
  4 jackals (D:2)
  A quokka (D:1)
  3 ball pythons
  2 frilled lizards
  3 kobolds
  A rat (D:2)
55 creatures vanquished.

Notes
Turn   | Place    | Note
-------+----------+-------------------------------------------
     0 | D:1      | qw the Gargoyle Fighter began the quest for the Orb.
     0 | D:1      | Reached XP level 1. HP: 14/14 MP: 1/1
     0 | D:1      | 0 ||| qw: Version: 0.2-a-100-g3d2c45e
     0 | D:1      | 0 ||| qw: Game counter: 202
     0 | D:1      | 0 ||| qw: Always use a shield: true
     0 | D:1      | 0 ||| qw: God list: Okawaru
     0 | D:1      | 0 ||| qw: Allow faded altars: false
     0 | D:1      | 0 ||| qw: Do Orc after D:15 true
     0 | D:1      | 0 ||| qw: Do second Lair branch before Depths: true
     0 | D:1      | 0 ||| qw: Lair rune preference: random
     0 | D:1      | 0 ||| qw: Plans: Normal, Zot:1-4, God:TSO, Crypt, Tomb,
                  | Pan, Slime:5, Hells, Abyss, Win
     0 | D:1      | 0 ||| PLANNING D:1-11
    26 | D:1      | Found Qet Ixiocw's Assorted Antiques.
    37 | D:1      | Reached skill level 2 in Axes
    63 | D:1      | 63 ||| SHOPLISTING dented peridot amulet (155 gold, have
                  | 0).
    63 | D:1      | 63 ||| SHOPLISTING glowing amethyst potion (27 gold, have
                  | 0).
    63 | D:1      | 63 ||| SHOPLISTING glowing silver ring (155 gold, have 0).
    63 | D:1      | 63 ||| SHOPLISTING scroll labelled HIWEMU TU DIR (31 gold,
                  | have 0).
    63 | D:1      | 63 ||| SHOPLISTING scroll labelled KUH KILEAQI (31 gold,
                  | have 0).
    63 | D:1      | 63 ||| SHOPLISTING scroll labelled RUEBRE BOSU (31 gold,
                  | have 0).
   188 | D:1      | 188 ||| Stepping ~*~*~tactically~*~*~ (stealth).
   189 | D:1      | 189 ||| Stepping ~*~*~tactically~*~*~ (stealth).
   198 | D:1      | Reached XP level 2. HP: 12/19 MP: 2/2
   199 | D:1      | 199 ||| FLEEEEING.
   200 | D:1      | 200 ||| FLEEEEING.
   201 | D:1      | 201 ||| FLEEEEING.
   202 | D:1      | 202 ||| FLEEEEING.
   203 | D:1      | 203 ||| FLEEEEING.
   206 | D:1      | 206 ||| FLEEEEING.
   207 | D:1      | 207 ||| FLEEEEING.
   208 | D:1      | 208 ||| FLEEEEING.
   209 | D:1      | 209 ||| FLEEEEING.
   210 | D:1      | 210 ||| FLEEEEING.
   211 | D:1      | 211 ||| FLEEEEING.
   212 | D:1      | 212 ||| FLEEEEING.
   213 | D:1      | 213 ||| FLEEEEING.
   214 | D:1      | 214 ||| FLEEEEING.
   215 | D:1      | 215 ||| FLEEEEING.
   216 | D:1      | 216 ||| FLEEEEING.
   217 | D:1      | 217 ||| FLEEEEING.
   218 | D:1      | 218 ||| FLEEEEING.
   219 | D:1      | 219 ||| FLEEEEING.
   220 | D:1      | 220 ||| FLEEEEING.
   221 | D:1      | 221 ||| FLEEEEING.
   281 | D:1      | 281 ||| Stepping ~*~*~tactically~*~*~ (hiding).
   416 | D:1      | Reached skill level 3 in Axes
   417 | D:1      | Found a faded altar of an unknown god.
   424 | D:1      | You fall into a shaft and drop 1 floor!
   454 | D:2      | Reached XP level 3. HP: 21/23 MP: 3/3
   487 | D:2      | Found a shadowy altar of Dithmenos.
   562 | D:2      | 562 ||| Stepping ~*~*~tactically~*~*~ (stealth).
   604 | D:2      | Found Fipex's Weapon Boutique.
   612 | D:2      | 612 ||| SHOPLISTING +6 war axe "Hadasioc" {heavy, Dex+3}
                  | (545 gold, have 70).
   661 | D:2      | 661 ||| UPGRADING to amulet of regeneration.
   666 | D:2      | 666 ||| READING 2 scrolls labelled ZUROZY FAIMIJA.
   667 | D:2      | 667 ||| DROPPING scroll of magic mapping.
   930 | D:1      | 930 ||| READING scroll labelled HIWEMU TU DIR.
  1026 | D:2      | 1026 ||| Stepping ~*~*~tactically~*~*~ (stealth).
  1036 | D:2      | Noticed Natasha
  1053 | D:2      | Killed Natasha
  1054 | D:2      | Reached skill level 4 in Axes
  1054 | D:2      | Reached XP level 4. HP: 28/28 MP: 4/4
  1165 | D:2      | Noticed Jessica
  1166 | D:2      | 1166 ||| Stepping ~*~*~tactically~*~*~ (hiding).
  1168 | D:2      | 1168 ||| Stepping ~*~*~tactically~*~*~ (hiding).
  1169 | D:2      | 1169 ||| Stepping ~*~*~tactically~*~*~ (hiding).
  1181 | D:2      | Killed Jessica
  1184 | D:2      | 1184 ||| Stepping ~*~*~tactically~*~*~ (stealth).
  1239 | D:2      | Reached XP level 5. HP: 30/32 MP: 5/5
  1442 | D:2      | 1442 ||| Stepping ~*~*~tactically~*~*~ (stealth).
  1443 | D:2      | 1443 ||| Stepping ~*~*~tactically~*~*~ (stealth).
  1451 | D:2      | 1451 ||| Stepping ~*~*~tactically~*~*~ (hiding).
  1524 | D:2      | 1524 ||| Stepping ~*~*~tactically~*~*~ (hiding).
  1529 | D:2      | Noticed Robin
  1541 | D:2      | Killed Robin
  1705 | D:2      | 1705 ||| DROPPING orb of light.
  1706 | D:2      | 1706 ||| UPGRADING to +0 helmet.
  1711 | D:2      | 1711 ||| READING scroll labelled KUH KILEAQI.
  1712 | D:2      | 1712 ||| READING scroll labelled YHANUH HIGGI.
  1713 | D:2      | 1713 ||| READING scroll labelled WAPHUETHRYT.
  1791 | D:3      | Reached skill level 5 in Axes
  1832 | D:3      | Noticed Ijyb
  1833 | D:3      | 1833 ||| Stepping ~*~*~tactically~*~*~ (stealth).
  1834 | D:3      | 1834 ||| Stepping ~*~*~tactically~*~*~ (stealth).
  1835 | D:3      | 1835 ||| Stepping ~*~*~tactically~*~*~ (stealth).
  1836 | D:3      | 1836 ||| Stepping ~*~*~tactically~*~*~ (stealth).
  1840 | D:3      | 1840 ||| Stepping ~*~*~tactically~*~*~ (stealth).
  1842 | D:3      | 1842 ||| Stepping ~*~*~tactically~*~*~ (hiding).
  1856 | D:3      | HP: 5/32 [Ijyb/puff of flame (8)]
  1857 | D:3      | HP: 1/32 [Ijyb] (4)]
  1857 | D:3      | Slain by Ijyb

Levels and vault maps discovered:
D:1:      dpeg_arrival_simpleton_b, layout_basic, serial_shops, shop,
          shapermc_ecumenical_altar_venn
D:2:      layout_loops_ring, serial_shops, shop, basic_altar, uniq_robin,
          uniq_natasha, uniq_jessica
D:3:      layout_loops_corners, serial_bayou, serial_bayou_pond_a,
          serial_bayou_shore_b, serial_bayou_pond_b, serial_bayou_shore_b,
          chequers_arboretum, uniq_ijyb

Skill      XL: |  1  2  3  4  5 |
---------------+----------------+-----
Axes           | 2 3 4 5 |  5.3
Fighting       | |  3.3
Armour         | |  3.2
Shields        | |  3.2

Action                     |  1- 3 |  4- 6 || total
---------------------------+-------+-------++-------
  Melee: War axe           |   100 |    81 ||   181
    Use: Scroll            |     2 |     3 ||     5
 Armour: Scale mail        |    58 |    40 ||    98
  Dodge: Dodged            |    52 |    26 ||    78
  Block: Buckler           |    18 |    21 ||    39

Table legend:
 A = Non-vault XP
 B = Vault XP
 C = Vault XP percentage of total XP
 D = Non-vault monster count
 E = Vault monster count
 F = Vault count percentage of total count
                 A         B        C        D         E       F
            +---------+---------+-------+---------+---------+-------
      Total |     187 |     103 |  35.5 |      42 |      13 |  23.6
            +---------+---------+-------+---------+---------+-------
        D:1 |      35 |       0 |   0.0 |      19 |       0 |   0.0
        D:2 |      70 |     103 |  59.5 |      21 |      13 |  38.2
        D:3 |      82 |       0 |   0.0 |       2 |       0 |   0.0
            +---------+---------+-------+---------+---------+-------
